 Dungeon Crawl Stone Soup version 0.31-a0-216-g22e908daa7 (webtiles) character file.

Game seed: 15253447165361686899

81 qw the Shooter (level 4, -2/36 HPs)
             Began as a Minotaur Hexslinger on July 2, 2023.
             Killed by nerve-wracking pain
             ... invoked by Grinder
              (13 damage)
             ... on level 3 of the Dungeon.
             The game lasted 00:00:49 (2320 turns).

qw the Shooter (Minotaur Hexslinger)                Turns: 2320, Time: 00:00:49

Health: -2/36      AC: 13    Str: 16    XL:     4   Next: 19%
Magic:  4/4        EV: 11    Int: 14    God:
Gold:   177        SH:  0    Dex: 15    Spells: 4/5 levels left

rFire   x . .        a - +0 sling (heavy)
rCold   . . .        (no shield)
rNeg    . . .        e - +8 ring mail of a bazaar {+Blink rF- Str+4 Dex+2}
rPois   .            (helmet restricted)
rElec   .            (no cloak)
rCorr   .            (no gloves)
SInv    .            (no boots)
Will    .....        (no amulet)
Stlth   +            (no ring)
HPRegen 0.26/turn    (no ring)
MPRegen 0.09/turn

%: no passive effects
@: no status effects
A: horns 2, retaliatory headbutt, claws 1, clever 1
a: Evoke Blink


You were on level 3 of the Dungeon.
You visited 1 branch of the dungeon, and saw 3 of its levels.

You collected 177 gold pieces.


Innate Abilities, Weirdness & Mutations

You have a pair of horns on your head.
You reflexively headbutt those who attack you in melee.
You have sharp fingernails.
Your mind is acute. (Int +4, Str/Dex -1)


   Skills:
 - Level 2.0 Fighting
 + Level 4.4 Ranged Weapons
 - Level 1.3 Armour
 - Level 2.1 Dodging
 - Level 1.0 Spellcasting
 - Level 2.0 Hexes


You had 4 spell levels left.
You knew the following spells:

 Your Spells              Type           Power      Damage    Failure   Level
a - Slow                  Hex            24%        N/A       22%         1

Your spell library contained the following spells:

 Spells                   Type           Power      Damage    Failure   Level
 Inner Flame              Hex/Fire       3%         N/A       69%         3
 Portal Projectile        Hex/Tloc       6%         N/A       69%         3
 Cause Fear               Hex            3%         N/A       91%         4

Inventory:

Hand Weapons
 a - a +0 heavy sling (weapon)
Armour
 c - a +0 cloak
 e - the +8 ring mail of a bazaar (worn) {+Blink rF- Str+4 Dex+2}
   (You found it on level 2 of the Dungeon)

   Str:       It affects your strength (+4).
   Dex:       It affects your dexterity (+2).
   rF:        It makes you vulnerable to fire.
   +Blink:    It lets you blink.
Scrolls
 i - a scroll of identify
Potions
 b - a potion of heal wounds {unknown}
 d - a potion of mutation
 h - a potion of curing {unknown}

Dungeon Overview and Level Annotations

Branches:
Dungeon (3/15)

Altars:

Shops:
D:1 :

Annotations:
D:3 1 runed translucent door, Crazy Yiuf, Grinder


Message History

The sling bullet closely misses Grinder.
You shoot a sling bullet. The sling bullet barely misses Grinder.
You hear the brisk rusting of a drain very nearby.
Grinder hits you but does no damage. Grinder barely misses you.
You furiously retaliate!
You headbutt Grinder. You shoot a sling bullet.
The sling bullet closely misses Grinder.
Grinder gestures at you. Pain shoots through your body!
Grinder hits you but does no damage.
You shoot a sling bullet.
The sling bullet hits Grinder but does no damage.
Grinder is moderately wounded.
Grinder hits you. x2
You shoot a sling bullet. The adder hisses angrily.
The sling bullet hits Grinder.
Grinder is moderately wounded.
Grinder gestures at you.
You suddenly lose the ability to move!
Grinder gestures at you. Pain shoots through your body!
Grinder barely misses you.
You can move again.
You shoot a sling bullet.
The sling bullet completely misses Grinder.
Grinder hits you.
You writhe in agony.
Grinder gestures at you. You resist with significant effort.
You shoot a sling bullet.
The sling bullet closely misses Grinder.
The sling bullet hits the adder!
You kill the adder!
Grinder hits you.
You writhe in agony.
Grinder closely misses you. You furiously retaliate!
You headbutt Grinder, but do no damage.
Your Armour skill increases to level 1!
You shoot a sling bullet. The sling bullet hits Grinder.
Grinder is moderately wounded.
Grinder gestures at you. Pain shoots through your body!
You die...

#####.### #
#.....# #
#.#.#.# #
#.#.#.# #
#.#.#.## ##
#.#....## #
#.
#.###...##.~~
##
#.....#....#
#####@5%#
#####


You could see Grinder.

Vanquished Creatures
  An adder (D:3)
  2 worms (D:2)
  3 dart slugs
  4 endoplasms
  3 giant cockroaches
  8 hobgoblins
  3 jackals (D:1)
  7 kobolds
  10 ball pythons
  4 bats
  4 frilled lizards
  4 goblins
  5 rats
58 creatures vanquished.

Notes
Turn   | Place    | Note
-------+----------+-------------------------------------------
     0 | D:1      | qw the Minotaur Hexslinger began the quest for the Orb.
     0 | D:1      | Reached XP level 1. HP: 16/16 MP: 1/1
     0 | D:1      | 0 ||| qw: Version: 0.3-a-35-g05ef00e
     0 | D:1      | 0 ||| qw: Game counter: 7859
     0 | D:1      | 0 ||| qw: Melee chars always use a shield: true
     0 | D:1      | 0 ||| qw: God list: Okawaru
     0 | D:1      | 0 ||| qw: Allow faded altars: false
     0 | D:1      | 0 ||| qw: Do Orc after clearing Dungeon:15 true
     0 | D:1      | 0 ||| qw: Do second Lair branch before Depths: true
     0 | D:1      | 0 ||| qw: Lair rune preference: random
     0 | D:1      | 0 ||| qw: Goals: Normal
     0 | D:1      | 0 ||| PLANNING D:1-11
    47 | D:1      | 47 ||| FLEEEEING.
    48 | D:1      | 48 ||| FLEEEEING.
    49 | D:1      | 49 ||| FLEEEEING.
    50 | D:1      | 50 ||| FLEEEEING.
    51 | D:1      | 51 ||| FLEEEEING.
    52 | D:1      | 52 ||| FLEEEEING.
    76 | D:1      | Found Nudoifuza's Vocational Training.
    83 | D:1      | Reached skill level 3 in Ranged Weapons
    88 | D:1      | Reached XP level 2. HP: 23/23 MP: 2/2
   102 | D:1      | HP: 5/23 [bat (1)]
   762 | D:1      | Reached XP level 3. HP: 29/29 MP: 3/3
  1092 | D:1      | 1092 ||| READING scroll labelled NAESHR NEWEENIT.
  1093 | D:1      | 1093 ||| READING scroll labelled KATHRE HOHE.
  1094 | D:1      | 1094 ||| READING scroll labelled FOAHOS KAETZOI.
  1098 | D:1      | 1098 ||| DRINKING 2 emerald potions.
  1098 | D:1      | Gained mutation: You have sharp fingernails. [potion of
                  | mutation]
  1098 | D:1      | Gained mutation: Your mind is acute. (Int +4, Str/Dex -1)
                  | [potion of mutation]
  1099 | D:1      | 1099 ||| DROPPING scroll of poison.
  1131 | D:2      | 1131 ||| FLEEEEING.
  1132 | D:2      | 1132 ||| STAIRDANCE
  1167 | D:2      | 1167 ||| SWAPPING to +0 heavy sling.
  1168 | D:2      | 1168 ||| DROPPING +1 sling.
  1234 | D:2      | 1234 ||| FLEEEEING.
  1235 | D:2      | 1235 ||| FLEEEEING.
  1236 | D:2      | 1236 ||| FLEEEEING.
  1280 | D:2      | Identified the +8 ring mail of a bazaar {+Blink rF- Str+4
                  | Dex+2}
  1313 | D:2      | Reached skill level 4 in Ranged Weapons
  1929 | D:2      | 1929 ||| UPGRADING to +8 ring mail of a bazaar {+Blink rF-
                  | Str+4 Dex+2}.
  1939 | D:2      | 1939 ||| DROPPING +0 robe.
  1940 | D:2      | 1940 ||| DROPPING amulet of magic regeneration.
  1941 | D:2      | 1941 ||| READING scroll labelled FOBBALL LESSEH.
  1942 | D:2      | 1942 ||| READING scroll labelled JEECVA VEET.
  1980 | D:3      | 1980 ||| PLANNING SEWER
  2068 | D:3      | Reached XP level 4. HP: 26/36 MP: 4/4
  2258 | D:3      | Found a runed translucent door.
  2259 | D:3      | Noticed Crazy Yiuf
  2307 | D:3      | Noticed Grinder
  2308 | D:3      | Paralysed by Grinder for 2 turns
  2316 | D:3      | Paralysed by Grinder for 2 turns
  2320 | D:3      | Reached skill level 1 in Armour
  2320 | D:3      | Killed from afar by Grinder

Levels and vault maps discovered:
D:1:      minmay_arrival_cross, layout_basic, nicolae_shop_vocational
D:2:      layout_loops_cross
D:3:      layout_loops_corners, portal_sewer_entry_d, minmay_misc_feat_enclosed,
          minivault_19, nrook_mini_backslash, uniq_crazy_yiuf_cottage,
          uniq_natasha, uniq_ijyb, uniq_robin, uniq_grinder

Skill      XL: |  1  2  3  4 |
---------------+-------------+-----
Ranged Weapons | 3 4 |  4.4
Fighting       | 2 |  2.0
Armour         | 1 |  1.3
Dodging        | |  2.1
Spellcasting   | |  1.0
Hexes          | |  2.0

Action                     |  1- 3 |  4- 6 || total
---------------------------+-------+-------++-------
   Fire: Sling             |   138 |    23 ||   161
    Use: Scroll            |     5 |       ||     5
         Potion            |     1 |       ||     1
 Armour: Robe              |    11 |       ||    11
         Ring mail         |       |     6 ||     6
  Dodge: Dodged            |    55 |     5 ||    60

Table legend:
 A = Non-vault XP
 B = Vault XP
 C = Vault XP percentage of total XP
 D = Non-vault monster count
 E = Vault monster count
 F = Vault count percentage of total count
                 A         B        C        D         E       F
            +---------+---------+-------+---------+---------+-------
      Total |     103 |      13 |  11.2 |      57 |       1 |   1.7
            +---------+---------+-------+---------+---------+-------
        D:1 |      43 |       0 |   0.0 |      25 |       0 |   0.0
        D:2 |      49 |       0 |   0.0 |      24 |       0 |   0.0
        D:3 |      11 |      13 |  54.2 |       8 |       1 |  11.1
            +---------+---------+-------+---------+---------+-------
